Workbook
Name BI2018v2019: Summary!#REF!
Name BI2018v2021: Summary!#REF!
Name BI2019v2020: Summary!#REF!
Name BI2020v2021: Summary!#REF!
Name BillPeriodA: #REF!
Name BillPeriodB: #REF!
Name calMonth: #REF!
Name NomDisRateYr2: #REF!
Name NomDisRateYr3: #REF!
Name reportYear: #REF!
Name Year1: 2025
Name Year2: 2026
Name Year3: 2027

Sheet Summary
B2: Cape Light Compact JPE
B3: Summary of Bill Impact Analysis
B6: Rate Class Information | F6: Month | H6: Annual
D7: Monthly Avg | F7: 2026 In Effect vs. 2027 Proposed | H7: 2026 In Effect vs. 2027 Proposed
B8: Rate | D8: kW/kVA | E8: kWh | F8: Total Change | G8: % Change | H8: Total Change | I8: =G8 -> % Change
B10: Rate R-1 Residential | C10: R-1 | E10: =Detail!D25 -> 530 | F10: =Detail!N25 -> 3.79 | G10: =Detail!O25 -> 0.01855115 | H10: =F10*12 -> 45.48 | I10: =G10 -> 0.01855115
B12: Rate R-1HP Residential Heat Pump (Winter) | C12: R-1HP | E12: =Detail!D83 -> 1713.597 | F12: =Detail!N83 -> 12.27 | G12: =Detail!O83 -> 0.024341374 | H12: =F12*12 -> 147.24 | I12: =G12 -> 0.024341374
B13: Rate R-1HP Residential Heat Pump (Summer) | C13: R-1HP | E13: =Detail!D100 -> 602.40302 | F13: =Detail!N100 -> 4.31 | G13: =Detail!O100 -> 0.018717158 | H13: =F13*12 -> 51.72 | I13: =G13 -> 0.018717158
B15: Rate R-2 Residential Assistance | C15: R-2 | E15: =Detail!D159 -> 475 | F15: =Detail!N159 -> 1.98 | G15: =Detail!O159 -> 0.018539326 | H15: =F15*12 -> 23.76 | I15: =G15 -> 0.018539326
B17: Rate R-2HP Residential Assistance Heat Pump (Winter) | C17: R-2HP | E17: =Detail!D218 -> 1713.597 | F17: =Detail!N218 -> 7.12 | G17: =Detail!O218 -> 0.024352704 | H17: =F17*12 -> 85.44 | I17: =G17 -> 0.024352704
B18: Rate R-2HP Residential Assistance Heat Pump (Summer) | C18: R-2HP | E18: =Detail!D235 -> 602.40302 | F18: =Detail!N235 -> 2.5 | G18: =Detail!O235 -> 0.018718179 | H18: =F18*12 -> 30 | I18: =G18 -> 0.018718179
B20: Rate R-3 Residential Space Heating | C20: R-3 | E20: =Detail!D295 -> 745 | F20: =Detail!N295 -> 5.33 | G20: =Detail!O295 -> 0.019196139 | H20: =F20*12 -> 63.96 | I20: =G20 -> 0.019196139
B22: Rate R-4 Residential Assistance Space Heating | C22: R-4 | E22: =Detail!D353 -> 830 | F22: =Detail!N353 -> 3.44 | G22: =Detail!O353 -> 0.019243679 | H22: =F22*12 -> 41.28 | I22: =G22 -> 0.019243679
B24: Rate G-1 Small General Service | C24: G-1 | E24: 1650 | F24: =Detail!N409 -> 13.35 | G24: =Detail!O409 -> 0.024916478 | H24: =F24*12 -> 160.2 | I24: =G24 -> 0.024916478
B26: Rate G-2 Medium General Service | C26: G-2 | D26: 215 | E26: 39775 | F26: =Detail!N463 -> 321.78 | G26: =Detail!O463 -> 0.021406048 | H26: =F26*12 -> 3861.36 | I26: =G26 -> 0.021406048
B27: Rate G-2 Medium General Service | C27: G-2 | D27: 209 | E27: 75240 | F27: =Detail!N473 -> 608.69 | G27: =Detail!O473 -> 0.02468959 | H27: =F27*12 -> 7304.28 | I27: =G27 -> 0.02468959
B28: Rate G-2 Medium General Service | C28: G-2 | D28: 207 | E28: 101430 | F28: =Detail!N483 -> 820.57 | G28: =Detail!O483 -> 0.025802952 | H28: =F28*12 -> 9846.84 | I28: =G28 -> 0.025802952
B30: Rate G-3 Large General Service | C30: G-3 | D30: 920 | E30: 230000 | F30: =Detail!N536 -> 1860.7 | G30: =Detail!O536 -> 0.024096495 | H30: =F30*12 -> 22328.4 | I30: =G30 -> 0.024096495
B31: Rate G-3 Large General Service | C31: G-3 | D31: 933 | E31: 373200 | F31: =Detail!N544 -> 3019.19 | G31: =Detail!O544 -> 0.026347778 | H31: =F31*12 -> 36230.28 | I31: =G31 -> 0.026347778
B32: Rate G-3 Large General Service | C32: G-3 | D32: 930 | E32: 497550 | F32: =Detail!N552 -> 4025.18 | G32: =Detail!O552 -> 0.027422594 | H32: =F32*12 -> 48302.16 | I32: =G32 -> 0.027422594
B34: Rate G-4 General Power (Closed) | C34: G-4 | D34: =Detail!D605 -> 50 | E34: 5000 | F34: =Detail!N605 -> 40.45 | G34: =Detail!O605 -> 0.022704948 | H34: =F34*12 -> 485.4 | I34: =G34 -> 0.022704948
B35: Rate G-4 General Power (Closed) | C35: G-4 | D35: =Detail!D613 -> 35 | E35: 7525 | F35: =Detail!N613 -> 60.87 | G35: =Detail!O613 -> 0.026772755 | H35: =F35*12 -> 730.44 | I35: =G35 -> 0.026772755
B36: Rate G-4 General Power (Closed) | C36: G-4 | D36: =Detail!D621 -> 27 | E36: 10530 | F36: =Detail!N621 -> 85.19 | G36: =Detail!O621 -> 0.028809117 | H36: =F36*12 -> 1022.28 | I36: =G36 -> 0.028809117
B38: Rate G-7 Optional General Time of Use (Closed) | C38: G-7 | D38: =Detail!D675 -> 9 | E38: =Detail!E675 -> 2340 | F38: =Detail!N675 -> 18.9306 | G38: =Detail!O675 -> 0.025185583 | H38: =F38*12 -> 227.1672 | I38: =G38 -> 0.025185583
B39: Rate G-7 Optional General Time of Use (Closed) | C39: G-7 | D39: =Detail!D683 -> 6 | E39: =Detail!E683 -> 2970 | F39: =Detail!N683 -> 24.0273 | G39: =Detail!O683 -> 0.026029258 | H39: =F39*12 -> 288.3276 | I39: =G39 -> 0.026029258
B40: Rate G-7 Optional General Time of Use (Closed) | C40: G-7 | D40: =Detail!D691 -> 7 | E40: =Detail!E691 -> 4375 | F40: =Detail!N691 -> 35.39375 | G40: =Detail!O691 -> 0.02638075 | H40: =F40*12 -> 424.725 | I40: =G40 -> 0.02638075
B42: The 2026 In Effect reflect the EES rates effective as of January 1, 2026.
B43: The 2027 Proposed reflect the EES rates proposed for effect January 1, 2027 through December 31, 2027.
B44: The proposed rates include the most up to date information as of the date of filing.

Sheet Detail
B3: Cape Light Compact JPE
B4: Calculation of Monthly Typical Bill
B5: Proposed January 1, 2027
B7: Rate R-1 Residential
B10: =IF(D10<>"",COUNTA($D10:D$10),"") -> 1 | D10: Monthly | F10: 2026 In Effect | J10: 2027 Proposed | N10: Total Bill Impact
B11: =IF(D11<>"",COUNTA($D$10:D11),"") -> 2 | D11: kWh | F11: Delivery | G11: Supplier | H11: Total | J11: Delivery | K11: Supplier | L11: Total | N11: Change | O11: % Change
B12: =IF(D12<>"",COUNTA($D$10:D12),"") -> 3 | D12: 100 | F12: =ROUND(SUM($G$31:$G$57)*D12,2)+G$30 -> 30.08 | G12: =ROUND($G$58*D12,2) -> 16.58 | H12: =SUM(F12:G12) -> 46.66 | J12: =ROUND(SUM($H$31:$H$57)*D12,2)+H$30 -> 30.8 | K12: =ROUND($H$58*D12,2) -> 16.58 | L12: =SUM(J12:K12) -> 47.38 | N12: =+L12-H12 -> 0.72 | O12: =+N12/H12 -> 0.015430776
B13: =IF(D13<>"",COUNTA($D$10:D13),"") -> 4 | D13: 200 | F13: =ROUND(SUM($G$31:$G$57)*D13,2)+G$30 -> 50.16 | G13: =ROUND($G$58*D13,2) -> 33.16 | H13: =SUM(F13:G13) -> 83.32 | J13: =ROUND(SUM($H$31:$H$57)*D13,2)+H$30 -> 51.59 | K13: =ROUND($H$58*D13,2) -> 33.16 | L13: =SUM(J13:K13) -> 84.75 | N13: =+L13-H13 -> 1.43 | O13: =+N13/H13 -> 0.017162746
B14: =IF(D14<>"",COUNTA($D$10:D14),"") -> 5 | D14: 300 | F14: =ROUND(SUM($G$31:$G$57)*D14,2)+G$30 -> 70.24 | G14: =ROUND($G$58*D14,2) -> 49.74 | H14: =SUM(F14:G14) -> 119.98 | J14: =ROUND(SUM($H$31:$H$57)*D14,2)+H$30 -> 72.39 | K14: =ROUND($H$58*D14,2) -> 49.74 | L14: =SUM(J14:K14) -> 122.13 | N14: =+L14-H14 -> 2.15 | O14: =+N14/H14 -> 0.017919653
B15: =IF(D15<>"",COUNTA($D$10:D15),"") -> 6 | D15: 400 | F15: =ROUND(SUM($G$31:$G$57)*D15,2)+G$30 -> 90.32 | G15: =ROUND($G$58*D15,2) -> 66.32 | H15: =SUM(F15:G15) -> 156.64 | J15: =ROUND(SUM($H$31:$H$57)*D15,2)+H$30 -> 93.19 | K15: =ROUND($H$58*D15,2) -> 66.32 | L15: =SUM(J15:K15) -> 159.51 | N15: =+L15-H15 -> 2.87 | O15: =+N15/H15 -> 0.018322268
B16: =IF(D16<>"",COUNTA($D$10:D16),"") -> 7 | D16: 500 | F16: =ROUND(SUM($G$31:$G$57)*D16,2)+G$30 -> 110.41 | G16: =ROUND($G$58*D16,2) -> 82.9 | H16: =SUM(F16:G16) -> 193.31 | J16: =ROUND(SUM($H$31:$H$57)*D16,2)+H$30 -> 113.99 | K16: =ROUND($H$58*D16,2) -> 82.9 | L16: =SUM(J16:K16) -> 196.89 | N16: =+L16-H16 -> 3.58 | O16: =+N16/H16 -> 0.018519476
B17: =IF(D17<>"",COUNTA($D$10:D17),"") -> 8 | D17: 600 | F17: =ROUND(SUM($G$31:$G$57)*D17,2)+G$30 -> 130.49 | G17: =ROUND($G$58*D17,2) -> 99.48 | H17: =SUM(F17:G17) -> 229.97 | J17: =ROUND(SUM($H$31:$H$57)*D17,2)+H$30 -> 134.78 | K17: =ROUND($H$58*D17,2) -> 99.48 | L17: =SUM(J17:K17) -> 234.26 | N17: =+L17-H17 -> 4.29 | O17: =+N17/H17 -> 0.018654607
B18: =IF(D18<>"",COUNTA($D$10:D18),"") -> 9 | D18: 700 | F18: =ROUND(SUM($G$31:$G$57)*D18,2)+G$30 -> 150.57 | G18: =ROUND($G$58*D18,2) -> 116.06 | H18: =SUM(F18:G18) -> 266.63 | J18: =ROUND(SUM($H$31:$H$57)*D18,2)+H$30 -> 155.58 | K18: =ROUND($H$58*D18,2) -> 116.06 | L18: =SUM(J18:K18) -> 271.64 | N18: =+L18-H18 -> 5.01 | O18: =+N18/H18 -> 0.018790084
B19: =IF(D19<>"",COUNTA($D$10:D19),"") -> 10 | D19: 800 | F19: =ROUND(SUM($G$31:$G$57)*D19,2)+G$30 -> 170.65 | G19: =ROUND($G$58*D19,2) -> 132.64 | H19: =SUM(F19:G19) -> 303.29 | J19: =ROUND(SUM($H$31:$H$57)*D19,2)+H$30 -> 176.38 | K19: =ROUND($H$58*D19,2) -> 132.64 | L19: =SUM(J19:K19) -> 309.02 | N19: =+L19-H19 -> 5.73 | O19: =+N19/H19 -> 0.018892809
B20: =IF(D20<>"",COUNTA($D$10:D20),"") -> 11 | D20: 900 | F20: =ROUND(SUM($G$31:$G$57)*D20,2)+G$30 -> 190.73 | G20: =ROUND($G$58*D20,2) -> 149.22 | H20: =SUM(F20:G20) -> 339.95 | J20: =ROUND(SUM($H$31:$H$57)*D20,2)+H$30 -> 197.17 | K20: =ROUND($H$58*D20,2) -> 149.22 | L20: =SUM(J20:K20) -> 346.39 | N20: =+L20-H20 -> 6.44 | O20: =+N20/H20 -> 0.018943962
B21: =IF(D21<>"",COUNTA($D$10:D21),"") -> 12 | D21: 1000 | F21: =ROUND(SUM($G$31:$G$57)*D21,2)+G$30 -> 210.81 | G21: =ROUND($G$58*D21,2) -> 165.8 | H21: =SUM(F21:G21) -> 376.61 | J21: =ROUND(SUM($H$31:$H$57)*D21,2)+H$30 -> 217.97 | K21: =ROUND($H$58*D21,2) -> 165.8 | L21: =SUM(J21:K21) -> 383.77 | N21: =+L21-H21 -> 7.16 | O21: =+N21/H21 -> 0.01901171
B22: =IF(D22<>"",COUNTA($D$10:D22),"") -> 13 | D22: 1250 | F22: =ROUND(SUM($G$31:$G$57)*D22,2)+G$30 -> 261.01 | G22: =ROUND($G$58*D22,2) -> 207.25 | H22: =SUM(F22:G22) -> 468.26 | J22: =ROUND(SUM($H$31:$H$57)*D22,2)+H$30 -> 269.96 | K22: =ROUND($H$58*D22,2) -> 207.25 | L22: =SUM(J22:K22) -> 477.21 | N22: =+L22-H22 -> 8.95 | O22: =+N22/H22 -> 0.019113313
B23: =IF(D23<>"",COUNTA($D$10:D23),"") -> 14 | D23: 1500 | F23: =ROUND(SUM($G$31:$G$57)*D23,2)+G$30 -> 311.22 | G23: =ROUND($G$58*D23,2) -> 248.7 | H23: =SUM(F23:G23) -> 559.92 | J23: =ROUND(SUM($H$31:$H$57)*D23,2)+H$30 -> 321.96 | K23: =ROUND($H$58*D23,2) -> 248.7 | L23: =SUM(J23:K23) -> 570.66 | N23: =+L23-H23 -> 10.74 | O23: =+N23/H23 -> 0.019181312
B24: =IF(D24<>"",COUNTA($D$10:D24),"") -> 15 | D24: 2000 | F24: =ROUND(SUM($G$31:$G$57)*D24,2)+G$30 -> 411.62 | G24: =ROUND($G$58*D24,2) -> 331.6 | H24: =SUM(F24:G24) -> 743.22 | J24: =ROUND(SUM($H$31:$H$57)*D24,2)+H$30 -> 425.94 | K24: =ROUND($H$58*D24,2) -> 331.6 | L24: =SUM(J24:K24) -> 757.54 | N24: =+L24-H24 -> 14.32 | O24: =+N24/H24 -> 0.019267512
B25: =IF(D25<>"",COUNTA($D$10:D25),"") -> 16 | C25: Avg | D25: 530 | F25: =ROUND(SUM($G$31:$G$57)*D25,2)+G$30 -> 116.43 | G25: =ROUND($G$58*D25,2) -> 87.87 | H25: =SUM(F25:G25) -> 204.3 | J25: =ROUND(SUM($H$31:$H$57)*D25,2)+H$30 -> 120.22 | K25: =ROUND($H$58*D25,2) -> 87.87 | L25: =SUM(J25:K25) -> 208.09 | N25: =+L25-H25 -> 3.79 | O25: =+N25/H25 -> 0.01855115
B26: =IF(D26<>"",COUNTA($C$11:D26),"")
B27: =IF(D27<>"",COUNTA($C$11:D27),"")
B28: =IF(D28<>"",COUNTA($C$11:D28),"") -> 17 | G28: =F10 -> 2026 In Effect | H28: =J10 -> 2027 Proposed
B29: =IF(D29<>"",COUNTA($C$11:D29),"") -> 18 | G29: Rates | H29: Rates | J29: Change
B30: =IF(D30<>"",COUNTA($C$11:D30),"") -> 19 | D30: Customer Charge | G30: 10 | H30: 10 | J30: =+H30-G30 -> 0
B31: =IF(D31<>"",COUNTA($C$11:D31),"") -> 20 | D31: Distribution Energy | G31: 0.06603 | H31: 0.06603 | J31: =+H31-G31 -> 0
B32: =IF(D32<>"",COUNTA($C$11:D32),"") -> 21 | D32: Exogenous Cost Adjustment | G32: -1e-05 | H32: -1e-05 | J32: =+H32-G32 -> 0
B33: =IF(D33<>"",COUNTA($C$11:D33),"") -> 22 | D33: Revenue Decoupling | G33: 0.00539 | H33: 0.00539 | J33: =+H33-G33 -> 0
B34: =IF(D34<>"",COUNTA($C$11:D34),"") -> 23 | D34: Distributed Solar Charge | G34: 0.00583 | H34: 0.00583 | J34: =+H34-G34 -> 0
B35: =IF(D35<>"",COUNTA($C$11:D35),"") -> 24 | D35: Residential Assistance Adjustment Factor | G35: 0.01033 | H35: 0.01033 | J35: =+H35-G35 -> 0
B36: =IF(D36<>"",COUNTA($C$11:D36),"") -> 25 | D36: Pension Adjustment Factor | G36: 0.00138 | H36: 0.00138 | J36: =+H36-G36 -> 0
B37: =IF(D37<>"",COUNTA($C$11:D37),"") -> 26 | D37: Net Metering Recovery Surcharge | G37: 0.00625 | H37: 0.00625 | J37: =+H37-G37 -> 0
B38: =IF(D38<>"",COUNTA($C$11:D38),"") -> 27 | D38: Long Term Renewable Contract Adjustment | G38: -0.00037 | H38: -0.00037 | J38: =+H38-G38 -> 0
B39: =IF(D39<>"",COUNTA($C$11:D39),"") -> 28 | D39: AG Consulting Expense | G39: 3e-05 | H39: 3e-05 | J39: =+H39-G39 -> 0
B40: =IF(D40<>"",COUNTA($C$11:D40),"") -> 29 | D40: Storm Cost Recovery Adjustment Factor | G40: 0.0096 | H40: 0.0096 | J40: =+H40-G40 -> 0
B41: =IF(D41<>"",COUNTA($C$11:D41),"") -> 30 | D41: Storm Reserve Adjustment | G41: 0 | H41: 0 | J41: =+H41-G41 -> 0
... B58: =IF(D58<>"",COUNTA($C$11:D58),"") -> 47 | D58: Supply Charge | G58: 0.1658 | H58: 0.1658 | J58: =+H58-G58 -> 0
B61: Cape Light Compact JPE
B62: Calculation of Monthly Typical Bill
B63: Proposed January 1, 2027
B65: Rate R-1HP Residential Heat Pump
B68: =IF(D68<>"",COUNTA($D$68:D68),"") -> 1 | D68: Monthly | F68: 2026 In Effect (Winter) | J68: 2027 Proposed (Winter) | N68: =$N$10 -> Total Bill Impact
B69: =IF(D69<>"",COUNTA($D$68:D69),"") -> 2 | D69: kWh | F69: Delivery | G69: Supplier | H69: Total | J69: Delivery | K69: Supplier | L69: Total | N69: Change | O69: % Change
B70: =IF(D70<>"",COUNTA($D$68:D70),"") -> 3 | D70: 323.32018 | F70: =ROUND(SUM($G$105,$G$107:$G$129,$G$131:$G$133)*$D70,2)+$G$104 -> 49.62 | G70: =ROUND($G$134*$D70,2) -> 53.61 | H70: =SUM(F70:G70) -> 103.23 | J70: =ROUND(SUM($H$105,$H$107:$H$129,$H$131:$H$133)*$D70,2)+$H$104 -> 51.93 | K70: =ROUND($H$134*$D70,2) -> 53.61 | L70: =SUM(J70:K70) -> 105.54 | N70: =+L70-H70 -> 2.31 | O70: =+N70/H70 -> 0.022377216
B71: =IF(D71<>"",COUNTA($D$68:D71),"") -> 4 | D71: 646.64037 | F71: =ROUND(SUM($G$105,$G$107:$G$129,$G$131:$G$133)*$D71,2)+$G$104 -> 89.23 | G71: =ROUND($G$134*$D71,2) -> 107.21 | H71: =SUM(F71:G71) -> 196.44 | J71: =ROUND(SUM($H$105,$H$107:$H$129,$H$131:$H$133)*$D71,2)+$H$104 -> 93.86 | K71: =ROUND($H$134*$D71,2) -> 107.21 | L71: =SUM(J71:K71) -> 201.07 | N71: =+L71-H71 -> 4.63 | O71: =+N71/H71 -> 0.023569538
B72: =IF(D72<>"",COUNTA($D$68:D72),"") -> 5 | D72: 969.96055 | F72: =ROUND(SUM($G$105,$G$107:$G$129,$G$131:$G$133)*$D72,2)+$G$104 -> 128.85 | G72: =ROUND($G$134*$D72,2) -> 160.82 | H72: =SUM(F72:G72) -> 289.67 | J72: =ROUND(SUM($H$105,$H$107:$H$129,$H$131:$H$133)*$D72,2)+$H$104 -> 135.79 | K72: =ROUND($H$134*$D72,2) -> 160.82 | L72: =SUM(J72:K72) -> 296.61 | N72: =+L72-H72 -> 6.94 | O72: =+N72/H72 -> 0.023958297
B73: =IF(D73<>"",COUNTA($D$68:D73),"") -> 6 | D73: 1293.2807 | F73: =ROUND(SUM($G$105,$G$107:$G$129,$G$131:$G$133)*$D73,2)+$G$104 -> 168.47 | G73: =ROUND($G$134*$D73,2) -> 214.43 | H73: =SUM(F73:G73) -> 382.9 | J73: =ROUND(SUM($H$105,$H$107:$H$129,$H$131:$H$133)*$D73,2)+$H$104 -> 177.73 | K73: =ROUND($H$134*$D73,2) -> 214.43 | L73: =SUM(J73:K73) -> 392.16 | N73: =+L73-H73 -> 9.26 | O73: =+N73/H73 -> 0.02418386
B74: =IF(D74<>"",COUNTA($D$68:D74),"") -> 7 | D74: 1616.6009 | F74: =ROUND(SUM($G$105,$G$107:$G$129,$G$131:$G$133)*$D74,2)+$G$104 -> 208.08 | G74: =ROUND($G$134*$D74,2) -> 268.03 | H74: =SUM(F74:G74) -> 476.11 | J74: =ROUND(SUM($H$105,$H$107:$H$129,$H$131:$H$133)*$D74,2)+$H$104 -> 219.66 | K74: =ROUND($H$134*$D74,2) -> 268.03 | L74: =SUM(J74:K74) -> 487.69 | N74: =+L74-H74 -> 11.58 | O74: =+N74/H74 -> 0.02432211
B75: =IF(D75<>"",COUNTA($D$68:D75),"") -> 8 | D75: 1939.9211 | F75: =ROUND(SUM($G$105,$G$107:$G$129,$G$131:$G$133)*$D75,2)+$G$104 -> 247.7 | G75: =ROUND($G$134*$D75,2) -> 321.64 | H75: =SUM(F75:G75) -> 569.34 | J75: =ROUND(SUM($H$105,$H$107:$H$129,$H$131:$H$133)*$D75,2)+$H$104 -> 261.59 | K75: =ROUND($H$134*$D75,2) -> 321.64 | L75: =SUM(J75:K75) -> 583.23 | N75: =+L75-H75 -> 13.89 | O75: =+N75/H75 -> 0.02439667
B76: =IF(D76<>"",COUNTA($D$68:D76),"") -> 9 | D76: 2263.2413 | F76: =ROUND(SUM($G$105,$G$107:$G$129,$G$131:$G$133)*$D76,2)+$G$104 -> 287.31 | G76: =ROUND($G$134*$D76,2) -> 375.25 | H76: =SUM(F76:G76) -> 662.56 | J76: =ROUND(SUM($H$105,$H$107:$H$129,$H$131:$H$133)*$D76,2)+$H$104 -> 303.52 | K76: =ROUND($H$134*$D76,2) -> 375.25 | L76: =SUM(J76:K76) -> 678.77 | N76: =+L76-H76 -> 16.21 | O76: =+N76/H76 -> 0.024465709
B77: =IF(D77<>"",COUNTA($D$68:D77),"") -> 10 | D77: 2586.5615 | F77: =ROUND(SUM($G$105,$G$107:$G$129,$G$131:$G$133)*$D77,2)+$G$104 -> 326.93 | G77: =ROUND($G$134*$D77,2) -> 428.85 | H77: =SUM(F77:G77) -> 755.78 | J77: =ROUND(SUM($H$105,$H$107:$H$129,$H$131:$H$133)*$D77,2)+$H$104 -> 345.45 | K77: =ROUND($H$134*$D77,2) -> 428.85 | L77: =SUM(J77:K77) -> 774.3 | N77: =+L77-H77 -> 18.52 | O77: =+N77/H77 -> 0.024504485
B78: =IF(D78<>"",COUNTA($D$68:D78),"") -> 11 | D78: 2909.8817 | F78: =ROUND(SUM($G$105,$G$107:$G$129,$G$131:$G$133)*$D78,2)+$G$104 -> 366.55 | G78: =ROUND($G$134*$D78,2) -> 482.46 | H78: =SUM(F78:G78) -> 849.01 | J78: =ROUND(SUM($H$105,$H$107:$H$129,$H$131:$H$133)*$D78,2)+$H$104 -> 387.38 | K78: =ROUND($H$134*$D78,2) -> 482.46 | L78: =SUM(J78:K78) -> 869.84 | N78: =+L78-H78 -> 20.83 | O78: =+N78/H78 -> 0.024534458
B79: =IF(D79<>"",COUNTA($D$68:D79),"") -> 12 | D79: 3233.2018 | F79: =ROUND(SUM($G$105,$G$107:$G$129,$G$131:$G$133)*$D79,2)+$G$104 -> 406.16 | G79: =ROUND($G$134*$D79,2) -> 536.06 | H79: =SUM(F79:G79) -> 942.22 | J79: =ROUND(SUM($H$105,$H$107:$H$129,$H$131:$H$133)*$D79,2)+$H$104 -> 429.31 | K79: =ROUND($H$134*$D79,2) -> 536.06 | L79: =SUM(J79:K79) -> 965.37 | N79: =+L79-H79 -> 23.15 | O79: =+N79/H79 -> 0.024569633
B80: =IF(D80<>"",COUNTA($D$68:D80),"") -> 13 | D80: 4041.5023 | F80: =ROUND(SUM($G$105,$G$107:$G$129,$G$131:$G$133)*$D80,2)+$G$104 -> 505.21 | G80: =ROUND($G$134*$D80,2) -> 670.08 | H80: =SUM(F80:G80) -> 1175.29 | J80: =ROUND(SUM($H$105,$H$107:$H$129,$H$131:$H$133)*$D80,2)+$H$104 -> 534.14 | K80: =ROUND($H$134*$D80,2) -> 670.08 | L80: =SUM(J80:K80) -> 1204.22 | N80: =+L80-H80 -> 28.93 | O80: =+N80/H80 -> 0.024615201
B81: =IF(D81<>"",COUNTA($D$68:D81),"") -> 14 | D81: 4849.8028 | F81: =ROUND(SUM($G$105,$G$107:$G$129,$G$131:$G$133)*$D81,2)+$G$104 -> 604.25 | G81: =ROUND($G$134*$D81,2) -> 804.1 | H81: =SUM(F81:G81) -> 1408.35 | J81: =ROUND(SUM($H$105,$H$107:$H$129,$H$131:$H$133)*$D81,2)+$H$104 -> 638.97 | K81: =ROUND($H$134*$D81,2) -> 804.1 | L81: =SUM(J81:K81) -> 1443.07 | N81: =+L81-H81 -> 34.72 | O81: =+N81/H81 -> 0.024652963
B82: =IF(D82<>"",COUNTA($D$68:D82),"") -> 15 | D82: 6466.4037 | F82: =ROUND(SUM($G$105,$G$107:$G$129,$G$131:$G$133)*$D82,2)+$G$104 -> 802.33 | G82: =ROUND($G$134*$D82,2) -> 1072.13 | H82: =SUM(F82:G82) -> 1874.46 | J82: =ROUND(SUM($H$105,$H$107:$H$129,$H$131:$H$133)*$D82,2)+$H$104 -> 848.63 | K82: =ROUND($H$134*$D82,2) -> 1072.13 | L82: =SUM(J82:K82) -> 1920.76 | N82: =+L82-H82 -> 46.3 | O82: =+N82/H82 -> 0.024700447
B83: =IF(D83<>"",COUNTA($D$68:D83),"") -> 16 | C83: Avg | D83: 1713.597 | F83: =ROUND(SUM($G$105,$G$107:$G$129,$G$131:$G$133)*$D83,2)+$G$104 -> 219.97 | G83: =ROUND($G$134*$D83,2) -> 284.11 | H83: =SUM(F83:G83) -> 504.08 | J83: =ROUND(SUM($H$105,$H$107:$H$129,$H$131:$H$133)*$D83,2)+$H$104 -> 232.24 | K83: =ROUND($H$134*$D83,2) -> 284.11 | L83: =SUM(J83:K83) -> 516.35 | N83: =+L83-H83 -> 12.27 | O83: =+N83/H83 -> 0.024341374
B84: =IF(D84<>"",COUNTA($D$68:D84),"")
B85: =IF(D85<>"",COUNTA($D$68:D85),"") -> 17 | D85: Monthly | F85: 2026 In Effect (Summer) | J85: 2027 Proposed (Summer) | N85: =$N$10 -> Total Bill Impact
B86: =IF(D86<>"",COUNTA($D$68:D86),"") -> 18 | D86: kWh | F86: Delivery | G86: Supplier | H86: Total | J86: Delivery | K86: Supplier | L86: Total | N86: Change | O86: % Change
B87: =IF(D87<>"",COUNTA($D$68:D87),"") -> 19 | D87: 113.66095 | F87: =ROUND(SUM($G$106:$G$128,$G$130:$G$133)*$D87,2)+$G$104 -> 32.72 | G87: =ROUND($G$134*$D87,2) -> 18.84 | H87: =SUM(F87:G87) -> 51.56 | J87: =ROUND(SUM($H$106:$H$128,$H$130:$H$133)*$D87,2)+$H$104 -> 33.53 | K87: =ROUND($H$134*$D87,2) -> 18.84 | L87: =SUM(J87:K87) -> 52.37 | N87: =+L87-H87 -> 0.81 | O87: =+N87/H87 -> 0.015709853
B88: =IF(D88<>"",COUNTA($D$68:D88),"") -> 20 | D88: 227.32189 | F88: =ROUND(SUM($G$106:$G$128,$G$130:$G$133)*$D88,2)+$G$104 -> 55.43 | G88: =ROUND($G$134*$D88,2) -> 37.69 | H88: =SUM(F88:G88) -> 93.12 | J88: =ROUND(SUM($H$106:$H$128,$H$130:$H$133)*$D88,2)+$H$104 -> 57.06 | K88: =ROUND($H$134*$D88,2) -> 37.69 | L88: =SUM(J88:K88) -> 94.75 | N88: =+L88-H88 -> 1.63 | O88: =+N88/H88 -> 0.017504296
B89: =IF(D89<>"",COUNTA($D$68:D89),"") -> 21 | D89: 340.98284 | F89: =ROUND(SUM($G$106:$G$128,$G$130:$G$133)*$D89,2)+$G$104 -> 78.15 | G89: =ROUND($G$134*$D89,2) -> 56.53 | H89: =SUM(F89:G89) -> 134.68 | J89: =ROUND(SUM($H$106:$H$128,$H$130:$H$133)*$D89,2)+$H$104 -> 80.59 | K89: =ROUND($H$134*$D89,2) -> 56.53 | L89: =SUM(J89:K89) -> 137.12 | N89: =+L89-H89 -> 2.44 | O89: =+N89/H89 -> 0.018117018
B90: =IF(D90<>"",COUNTA($D$68:D90),"") -> 22 | D90: 454.64379 | F90: =ROUND(SUM($G$106:$G$128,$G$130:$G$133)*$D90,2)+$G$104 -> 100.86 | G90: =ROUND($G$134*$D90,2) -> 75.38 | H90: =SUM(F90:G90) -> 176.24 | J90: =ROUND(SUM($H$106:$H$128,$H$130:$H$133)*$D90,2)+$H$104 -> 104.12 | K90: =ROUND($H$134*$D90,2) -> 75.38 | L90: =SUM(J90:K90) -> 179.5 | N90: =+L90-H90 -> 3.26 | O90: =+N90/H90 -> 0.018497503
B91: =IF(D91<>"",COUNTA($D$68:D91),"") -> 23 | D91: 568.30474 | F91: =ROUND(SUM($G$106:$G$128,$G$130:$G$133)*$D91,2)+$G$104 -> 123.58 | G91: =ROUND($G$134*$D91,2) -> 94.22 | H91: =SUM(F91:G91) -> 217.8 | J91: =ROUND(SUM($H$106:$H$128,$H$130:$H$133)*$D91,2)+$H$104 -> 127.64 | K91: =ROUND($H$134*$D91,2) -> 94.22 | L91: =SUM(J91:K91) -> 221.86 | N91: =+L91-H91 -> 4.06 | O91: =+N91/H91 -> 0.018640955
B92: =IF(D92<>"",COUNTA($D$68:D92),"") -> 24 | D92: 681.96568 | F92: =ROUND(SUM($G$106:$G$128,$G$130:$G$133)*$D92,2)+$G$104 -> 146.29 | G92: =ROUND($G$134*$D92,2) -> 113.07 | H92: =SUM(F92:G92) -> 259.36 | J92: =ROUND(SUM($H$106:$H$128,$H$130:$H$133)*$D92,2)+$H$104 -> 151.17 | K92: =ROUND($H$134*$D92,2) -> 113.07 | L92: =SUM(J92:K92) -> 264.24 | N92: =+L92-H92 -> 4.88 | O92: =+N92/H92 -> 0.018815546
B93: =IF(D93<>"",COUNTA($D$68:D93),"") -> 25 | D93: 795.62663 | F93: =ROUND(SUM($G$106:$G$128,$G$130:$G$133)*$D93,2)+$G$104 -> 169.01 | G93: =ROUND($G$134*$D93,2) -> 131.91 | H93: =SUM(F93:G93) -> 300.92 | J93: =ROUND(SUM($H$106:$H$128,$H$130:$H$133)*$D93,2)+$H$104 -> 174.7 | K93: =ROUND($H$134*$D93,2) -> 131.91 | L93: =SUM(J93:K93) -> 306.61 | N93: =+L93-H93 -> 5.69 | O93: =+N93/H93 -> 0.01890868
B94: =IF(D94<>"",COUNTA($D$68:D94),"") -> 26 | D94: 909.28758 | F94: =ROUND(SUM($G$106:$G$128,$G$130:$G$133)*$D94,2)+$G$104 -> 191.72 | G94: =ROUND($G$134*$D94,2) -> 150.76 | H94: =SUM(F94:G94) -> 342.48 | J94: =ROUND(SUM($H$106:$H$128,$H$130:$H$133)*$D94,2)+$H$104 -> 198.23 | K94: =ROUND($H$134*$D94,2) -> 150.76 | L94: =SUM(J94:K94) -> 348.99 | N94: =+L94-H94 -> 6.51 | O94: =+N94/H94 -> 0.019008409
B95: =IF(D95<>"",COUNTA($D$68:D95),"") -> 27 | D95: 1022.9485 | F95: =ROUND(SUM($G$106:$G$128,$G$130:$G$133)*$D95,2)+$G$104 -> 214.44 | G95: =ROUND($G$134*$D95,2) -> 169.6 | H95: =SUM(F95:G95) -> 384.04 | J95: =ROUND(SUM($H$106:$H$128,$H$130:$H$133)*$D95,2)+$H$104 -> 221.76 | K95: =ROUND($H$134*$D95,2) -> 169.6 | L95: =SUM(J95:K95) -> 391.36 | N95: =+L95-H95 -> 7.32 | O95: =+N95/H95 -> 0.019060515
B96: =IF(D96<>"",COUNTA($D$68:D96),"") -> 28 | D96: 1136.6095 | F96: =ROUND(SUM($G$106:$G$128,$G$130:$G$133)*$D96,2)+$G$104 -> 237.15 | G96: =ROUND($G$134*$D96,2) -> 188.45 | H96: =SUM(F96:G96) -> 425.6 | J96: =ROUND(SUM($H$106:$H$128,$H$130:$H$133)*$D96,2)+$H$104 -> 245.29 | K96: =ROUND($H$134*$D96,2) -> 188.45 | L96: =SUM(J96:K96) -> 433.74 | N96: =+L96-H96 -> 8.14 | O96: =+N96/H96 -> 0.01912594
B97: =IF(D97<>"",COUNTA($D$68:D97),"") -> 29 | D97: 1420.7618 | F97: =ROUND(SUM($G$106:$G$128,$G$130:$G$133)*$D97,2)+$G$104 -> 293.94 | G97: =ROUND($G$134*$D97,2) -> 235.56 | H97: =SUM(F97:G97) -> 529.5 | J97: =ROUND(SUM($H$106:$H$128,$H$130:$H$133)*$D97,2)+$H$104 -> 304.11 | K97: =ROUND($H$134*$D97,2) -> 235.56 | L97: =SUM(J97:K97) -> 539.67 | N97: =+L97-H97 -> 10.17 | O97: =+N97/H97 -> 0.019206799
B98: =IF(D98<>"",COUNTA($D$68:D98),"") -> 30 | D98: 1704.9142 | F98: =ROUND(SUM($G$106:$G$128,$G$130:$G$133)*$D98,2)+$G$104 -> 350.73 | G98: =ROUND($G$134*$D98,2) -> 282.67 | H98: =SUM(F98:G98) -> 633.4 | J98: =ROUND(SUM($H$106:$H$128,$H$130:$H$133)*$D98,2)+$H$104 -> 362.93 | K98: =ROUND($H$134*$D98,2) -> 282.67 | L98: =SUM(J98:K98) -> 645.6 | N98: =+L98-H98 -> 12.2 | O98: =+N98/H98 -> 0.01926113
B99: =IF(D99<>"",COUNTA($D$68:D99),"") -> 31 | D99: 2273.2189 | F99: =ROUND(SUM($G$106:$G$128,$G$130:$G$133)*$D99,2)+$G$104 -> 464.3 | G99: =ROUND($G$134*$D99,2) -> 376.9 | H99: =SUM(F99:G99) -> 841.2 | J99: =ROUND(SUM($H$106:$H$128,$H$130:$H$133)*$D99,2)+$H$104 -> 480.58 | K99: =ROUND($H$134*$D99,2) -> 376.9 | L99: =SUM(J99:K99) -> 857.48 | N99: =+L99-H99 -> 16.28 | O99: =+N99/H99 -> 0.019353305
B100: =IF(D100<>"",COUNTA($D$68:D100),"") -> 32 | C100: Avg | D100: 602.40302 | F100: =ROUND(SUM($G$106:$G$128,$G$130:$G$133)*$D100,2)+$G$104 -> 130.39 | G100: =ROUND($G$134*$D100,2) -> 99.88 | H100: =SUM(F100:G100) -> 230.27 | J100: =ROUND(SUM($H$106:$H$128,$H$130:$H$133)*$D100,2)+$H$104 -> 134.7 | K100: =ROUND($H$134*$D100,2) -> 99.88 | L100: =SUM(J100:K100) -> 234.58 | N100: =+L100-H100 -> 4.31 | O100: =+N100/H100 -> 0.018717158
B101: =IF(D101<>"",COUNTA($D$68:D101),"")
B102: =IF(D102<>"",COUNTA($D$68:D102),"") -> 33 | G102: =$G$28 -> 2026 In Effect | H102: =$H$28 -> 2027 Proposed
B103: =IF(D103<>"",COUNTA($D$68:D103),"") -> 34 | G103: Rates | H103: Rates | J103: Change
B104: =IF(D104<>"",COUNTA($D$68:D104),"") -> 35 | D104: Customer Charge | G104: 10 | H104: 10 | J104: =+H104-G104 -> 0
B105: =IF(D105<>"",COUNTA($D$68:D105),"") -> 36 | D105: Distribution Energy - Winter | G105: 0.02052 | H105: 0.02052 | J105: =+H105-G105 -> 0
B106: =IF(D106<>"",COUNTA($D$68:D106),"") -> 37 | D106: Distribution Energy - Summer | G106: 0.06603 | H106: 0.06603 | J106: =+H106-G106 -> 0
B107: =IF(D107<>"",COUNTA($D$68:D107),"") -> 38 | D107: Exogenous Cost Adjustment | G107: -1e-05 | H107: -1e-05 | J107: =+H107-G107 -> 0
B108: =IF(D108<>"",COUNTA($D$68:D108),"") -> 39 | D108: Revenue Decoupling | G108: 0.00443 | H108: 0.00443 | J108: =+H108-G108 -> 0
B109: =IF(D109<>"",COUNTA($D$68:D109),"") -> 40 | D109: Distributed Solar Charge | G109: 0.00583 | H109: 0.00583 | J109: =+H109-G109 -> 0
B110: =IF(D110<>"",COUNTA($D$68:D110),"") -> 41 | D110: Residential Assistance Adjustment Factor | G110: 0.01033 | H110: 0.01033 | J110: =+H110-G110 -> 0
B111: =IF(D111<>"",COUNTA($D$68:D111),"") -> 42 | D111: Pension Adjustment Factor | G111: 0.00138 | H111: 0.00138 | J111: =+H111-G111 -> 0
B112: =IF(D112<>"",COUNTA($D$68:D112),"") -> 43 | D112: Net Metering Recovery Surcharge | G112: 0.00625 | H112: 0.00625 | J112: =+H112-G112 -> 0
B113: =IF(D113<>"",COUNTA($D$68:D113),"") -> 44 | D113: Long Term Renewable Contract Adjustment | G113: -0.00037 | H113: -0.00037 | J113: =+H113-G113 -> 0
B114: =IF(D114<>"",COUNTA($D$68:D114),"") -> 45 | D114: AG Consulting Expense | G114: 3e-05 | H114: 3e-05 | J114: =+H114-G114 -> 0
B115: =IF(D115<>"",COUNTA($D$68:D115),"") -> 46 | D115: Storm Cost Recovery Adjustment Factor | G115: 0.0096 | H115: 0.0096 | J115: =+H115-G115 -> 0
... B134: =IF(D134<>"",COUNTA($D$68:D134),"") -> 65 | D134: Supply Charge | G134: 0.1658 | H134: 0.1658 | J134: =+H134-G134 -> 0
B137: =$B$3 -> Cape Light Compact JPE
B138: =$B$4 -> Calculation of Monthly Typical Bill
B139: =$B$5 -> Proposed January 1, 2027
B141: Rate R-2 Residential Assistance
B144: =IF(D144<>"",COUNTA($D$144:D144),"") -> 1 | D144: Monthly | F144: =$F$10 -> 2026 In Effect | J144: =$J$10 -> 2027 Proposed | N144: =$N$10 -> Total Bill Impact
B145: =IF(D145<>"",COUNTA($D$144:D145),"") -> 2 | D145: kWh | F145: =F$11 -> Delivery | G145: =G$11 -> Supplier | H145: =H$11 -> Total | J145: =J$11 -> Delivery | K145: =K$11 -> Supplier | L145: =L$11 -> Total | N145: =N$11 -> Change | O145: =O$11 -> % Change
B146: =IF(D146<>"",COUNTA($D$144:D146),"") -> 3 | D146: 100 | F146: =ROUND(($D146*SUM($G$165:$G$191)+$G$164)*(1-$G$193),2) -> 17.45 | G146: =ROUND((G$192*$D146)*(1-G$193),2) -> 9.62 | H146: =SUM(F146:G146) -> 27.07 | J146: =ROUND(($D146*SUM($H$165:$H$191)+$H$164)*(1-$H$193),2) -> 17.86 | K146: =ROUND((H$192*$D146)*(1-H$193),2) -> 9.62 | L146: =SUM(J146:K146) -> 27.48 | N146: =+L146-H146 -> 0.41 | O146: =+N146/H146 -> 0.015145918
B147: =IF(D147<>"",COUNTA($D$144:D147),"") -> 4 | D147: 200 | F147: =ROUND(($D147*SUM($G$165:$G$191)+$G$164)*(1-$G$193),2) -> 29.09 | G147: =ROUND((G$192*$D147)*(1-G$193),2) -> 19.23 | H147: =SUM(F147:G147) -> 48.32 | J147: =ROUND(($D147*SUM($H$165:$H$191)+$H$164)*(1-$H$193),2) -> 29.92 | K147: =ROUND((H$192*$D147)*(1-H$193),2) -> 19.23 | L147: =SUM(J147:K147) -> 49.15 | N147: =+L147-H147 -> 0.83 | O147: =+N147/H147 -> 0.017177152
B148: =IF(D148<>"",COUNTA($D$144:D148),"") -> 5 | D148: 300 | F148: =ROUND(($D148*SUM($G$165:$G$191)+$G$164)*(1-$G$193),2) -> 40.74 | G148: =ROUND((G$192*$D148)*(1-G$193),2) -> 28.85 | H148: =SUM(F148:G148) -> 69.59 | J148: =ROUND(($D148*SUM($H$165:$H$191)+$H$164)*(1-$H$193),2) -> 41.99 | K148: =ROUND((H$192*$D148)*(1-H$193),2) -> 28.85 | L148: =SUM(J148:K148) -> 70.84 | N148: =+L148-H148 -> 1.25 | O148: =+N148/H148 -> 0.017962351
B149: =IF(D149<>"",COUNTA($D$144:D149),"") -> 6 | D149: 400 | F149: =ROUND(($D149*SUM($G$165:$G$191)+$G$164)*(1-$G$193),2) -> 52.39 | G149: =ROUND((G$192*$D149)*(1-G$193),2) -> 38.47 | H149: =SUM(F149:G149) -> 90.86 | J149: =ROUND(($D149*SUM($H$165:$H$191)+$H$164)*(1-$H$193),2) -> 54.05 | K149: =ROUND((H$192*$D149)*(1-H$193),2) -> 38.47 | L149: =SUM(J149:K149) -> 92.52 | N149: =+L149-H149 -> 1.66 | O149: =+N149/H149 -> 0.018269866
...
